 Dungeon Crawl Stone Soup version 0.31-a0-271-gb88eb75e06 (webtiles) character file.

Game seed: 3511592094616735374

738 HallandMoats the Trooper (level 7, -1/57 HPs)
             Began as a Demonspawn Fighter on July 15, 2023.
             Was an Initiate of Makhleb.
             Splashed by a jelly's acid (3 damage)
             ... on level 5 of the Dungeon.
             The game lasted 00:07:18 (5080 turns).

HallandMoats the Trooper (Demonspawn Fighter)       Turns: 5080, Time: 00:07:18

Health: -1/57      AC: -8    Str: 23    XL:     7   Next: 46%
Magic:  8/9        EV: 15    Int:  9    God:    Makhleb [......]
Gold:   311        SH:  9    Dex: 12    Spells: 6/6 levels left

rFire   x . .        b - +2 spear (flame)
rCold   . . .        c - +0 buckler
rNeg    . . .        r - +0 leather armour "Muheat" {rF- Str+4 Slay+3}
rPois   .            (helmet restricted)
rElec   .            (no cloak)
rCorr   .            (no gloves)
SInv    .            (no boots)
Will    .....        (no amulet)
Stlth   +            n - +5 ring of evasion
HPRegen 0.29/turn    (no ring)
MPRegen 0.11/turn

%: no passive effects
@: corroded
A: antennae 1, condensation shield
a: Renounce Religion


You were on level 5 of the Dungeon.
You worshipped Makhleb.
Makhleb was noncommittal.
You visited 1 branch of the dungeon, and saw 5 of its levels.

You collected 311 gold pieces.

Inventory:

Hand Weapons
 a - a +0 war axe
 b - a +2 spear of flaming (weapon)
Armour
 c - a +0 buckler (worn)
 r - the +0 leather armour "Muheat" (worn) {rF- Str+4 Slay+3}
   (You found it on level 4 of the Dungeon)

   Str:       It affects your strength (+4).
   Slay:      It affects your accuracy & damage with ranged weapons and melee
   (+3).
   rF:        It makes you vulnerable to fire.
Jewellery
 d - a ring of flight
 n - a +5 ring of evasion (left hand)
Wands
 f - a wand of flame (15)
 t - a wand of paralysis (13)
Scrolls
 e - 2 scrolls of noise {unknown}
 k - a scroll of fear {unknown}
 l - a scroll of identify
 m - a scroll of fog {unknown}
 p - 4 scrolls of amnesia
 q - 2 scrolls of revelation {unknown}
Potions
 g - a potion of invisibility {unknown}
 h - a potion of curing {unknown}
 i - 3 potions of heal wounds
 j - a potion of mutation {unknown}
 o - a potion of magic
 s - a potion of cancellation {unknown}


   Skills:
 * Level 5.9 Fighting
 * Level 4.8 Axes
 - Level 2.6 Armour
 + Level 4.1 Shields
 + Level 2.6 Invocations


You had 6 spell levels left.
You didn't know any spells.
Your spell library contained the following spells:

 Spells                   Type           Power      Damage    Failure   Level
 Freeze                   Ice            0%         1d3       50%         1
 Sandblast                Erth           0%         2d4       50%         1
 Passwall                 Tmut/Erth      0%         N/A       65%         2
 Frozen Ramparts          Ice            0%         1d1       86%         3
 Hailstorm                Conj/Ice       0%         3d3       86%         3
 Stone Arrow              Conj/Erth      0%         3d7       86%         3


Dungeon Overview and Level Annotations

Branches:
Dungeon (5/15)
 Temple: D:4-7

Altars:
Makhleb

Annotations:
D:5 3 runed translucent doors, dolemite99's ghost, novice DgSh


Innate Abilities, Weirdness & Mutations

You have a pair of small antennae on your head.
A meltable shield of frost defends you. (SH +4)


Message History

The jelly misses you.
You puncture the jelly! You burn the jelly.
Your hands burn!
The jelly is heavily wounded.
The jelly quivers.
The jelly closely misses you.
You hit the jelly. You burn the jelly.
Your hands burn!
The jelly is almost dead.
You block the jelly's attack.
You puncture the jelly! You burn the jelly.
You kill the jelly!
Makhleb accepts your kill. You block the jelly's attack.
You hit the jelly. You burn the jelly. The acid corrodes you!
Your hands burn!
The jelly is moderately wounded.
The jelly hits you. The acid corrodes you!
You are splashed with acid!
You completely miss the jelly.
The jelly is moderately wounded.
The jelly barely misses you.
You hit the jelly but do no damage.
Your hands burn!
The jelly is moderately wounded.
You block the jelly's attack.
You hit the jelly. You burn the jelly.
Your hands burn!
The jelly is heavily wounded.
The jelly closely misses you.
You hit the jelly. You burn the jelly.
Your hands burn!
The jelly is severely wounded.
The jelly hits you.
You are splashed with acid!
You hit the jelly. You burn the jelly.
Your hands burn!
* * * LOW HITPOINT WARNING * * *
The jelly is almost dead.
The jelly hits you.
* * * LOW HITPOINT WARNING * * *
The acid corrodes you!
You are splashed with acid!
* * * LOW HITPOINT WARNING * * *
You hit the jelly but do no damage.
Your hands burn!
* * * LOW HITPOINT WARNING * * *
The jelly is almost dead.
You block the jelly's attack.
You hit the jelly but do no damage.
Your hands burn!
You die...

#.................########...#
#################........#...#
#..s# #.########...# #...# #.#
#...# #.# #...# #.# #. #.#
#...######.#######
#....J@...........
##################


You could see a jelly.

Vanquished Creatures
  A black bear (D:4)
  An ogre (D:4)
  A gnoll sergeant (D:5)
  An orc priest (D:3)
  A jelly (D:5)
  A sleepcap (D:5)
  Ijyb (D:3)
  Jessica (D:3)
  Terence (D:3)
  An iguana (D:4)
  2 orc wizards
  5 gnolls
  9 adders
  2 ufetubi
  2 worms (D:2)
  3 dart slugs
  7 orcs
  6 ball pythons
  4 bats
  5 endoplasms
  4 giant cockroaches
  8 goblins
  7 hobgoblins
  8 quokkas
  3 frilled lizards
  4 kobolds
  5 rats
94 creatures vanquished.

Vanquished Creatures (others)
  An orc wizard (D:5)
1 creature vanquished.

Grand Total: 95 creatures vanquished

Notes
Turn   | Place    | Note
-------+----------+-------------------------------------------
     0 | D:1      | HallandMoats the Demonspawn Fighter began the quest for the
                  | Orb.
     0 | D:1      | Reached XP level 1. HP: 18/18 MP: 1/1
   113 | D:1      | Found a faded altar of an unknown god.
   313 | D:1      | Gained mutation: A meltable shield of frost defends you.
                  | (SH +4) [demonic ancestry]
   313 | D:1      | Reached XP level 2. HP: 24/24 MP: 2/2
  1114 | D:2      | Reached XP level 3. HP: 6/29 MP: 3/3
  1969 | D:3      | Noticed Ijyb
  2024 | D:3      | Discovered your monstrous ancestry.
  2024 | D:3      | Gained mutation: You have a pair of small antennae on your
                  | head. [demonic ancestry]
  2024 | D:3      | Reached XP level 4. HP: 31/37 MP: 4/4
  2026 | D:3      | Killed Ijyb
  2027 | D:3      | Reached skill level 4 in Fighting
  2352 | D:3      | Noticed Terence
  2361 | D:3      | Killed Terence
  2401 | D:3      | Reached XP level 5. HP: 27/42 MP: 5/5
  2727 | D:3      | Noticed Jessica
  2733 | D:3      | Killed Jessica
  2885 | D:3      | Found a burning altar of Makhleb.
  2885 | D:3      | Noticed a green death
  2888 | D:3      | Noticed a neqoxec
  2888 | D:3      | Noticed a smoke demon
  2890 | D:3      | Became a worshipper of Makhleb the Destroyer
  2978 | D:4      | Identified the +0 leather armour "Muheat" {rF- Str+4
                  | Slay+3}
  3044 | D:4      | Reached XP level 6. HP: 50/50 MP: 6/6
  3159 | D:4      | Reached skill level 5 in Fighting
  3159 | D:4      | Reached skill level 1 in Invocations
  3919 | D:5      | Entered Level 5 of the Dungeon
  3974 | D:5      | Reached XP level 7. HP: 55/56 MP: 8/8
  4322 | D:5      | Reached * piety under Makhleb
  4877 | D:5      | Found a runed translucent gate.
  4877 | D:5      | Found a runed translucent gate.
  4877 | D:5      | Found a runed translucent gate.
  4881 | D:5      | Noticed dolemite99's ghost (novice DgSh)
  5079 | D:5      | HP: 2/57 [acid (1)]
  5080 | D:5      | Splashed by a jelly's acid

Illustrated notes

Levels and vault maps discovered:
D:1:      dpeg_arrival_central, layout_loops_corners,
          hellmonk_ecumenical_altar_arch_garden
D:2:      layout_basic
D:3:      layout_loops_ring, makhleb_altar_promises_db, chequers_arboretum,
          uniq_jessica, uniq_terence, uniq_ijyb
D:4:      black_bear_nest_2, layout_cave_pools
D:5:      layout_rooms, serial_co_window_serial, co_window_corner_a,
          co_window_cross_1, co_window_corner_a, co_window_paths_a,
          co_window_corner_a, co_window_broadway_c, co_window_broadway_b,
          co_window_cross_3, ebering_ghost_rock_garden

Skill      XL: |  1  2  3  4  5  6  7 |
---------------+----------------------+-----
Axes           | 2 3 4 |  4.8
Shields        | 3 4 |  4.1
Fighting       | 4 5 |  5.9
Invocations    | 1 2 |  2.6
Armour         | |  2.6

Action                     |  1- 3 |  4- 6 |  7- 9 || total
---------------------------+-------+-------+-------++-------
  Melee: War axe           |   108 |   145 |    48 ||   301
         Spear             |       |       |    17 ||    17
    Use: Potion            |     1 |       |     1 ||     2
         Scroll            |       |       |     5 ||     5
 Armour: Scale mail        |    38 |       |       ||    38
         Ring mail         |     1 |    15 |       ||    16
         Leather armour    |       |    11 |     4 ||    15
         Skin              |       |       |     2 ||     2
  Dodge: Dodged            |    47 |   101 |    29 ||   177
  Block: Buckler           |    49 |    70 |    28 ||   147

Table legend: (Time is in decaauts)
 A = Elapsed time spent in this place.
 B = Non-inter-level travel time spent in this place.
 C = Inter-level travel time spent in this place.
 D = Time resting spent in this place.
 E = Time spent auto-exploring this place.
 F = Levels seen in this place.
 G = Mean time per level.
                   A        B        C        D        E       F      G
               +--------+--------+--------+--------+--------+-----+--------+
         Total |   5195 |   5062 |    133 |   1139 |   2888 |   5 | 1039.0 |
       Dungeon |   5195 |   5062 |    133 |   1139 |   2888 |   5 | 1039.0 |
               +--------+--------+--------+--------+--------+-----+--------+

Top non-repeatable levels by time:
     D:4: 1338 daAuts
     D:1: 1075 daAuts
     D:3: 987 daAuts
     D:2: 963 daAuts
     D:5: 831 daAuts
